 Dungeon Crawl Stone Soup version 0.31.0-12-g77e489cdc1 (webtiles) character file.

Game seed: 10641654795296065439

9325 Doomgape the Basher (level 11, -6/64 HPs)
             Began as a Gargoyle Fighter on Feb 24, 2024.
             Was a Believer of Hepliaklqana.
             Mangled by a centaur warrior simulacrum (25 damage)
             ... on level 10 of the Dungeon.
             The game lasted 00:24:58 (7439 turns).

Doomgape the Basher (Gargoyle Fighter)              Turns: 7439, Time: 00:24:59

Health: -6/64      AC: 21    Str: 24    XL:     11   Next: 44%
Magic:  15/15      EV:  8    Int: 12    God:    Hepliaklqana [**....]
Gold:   639        SH: 10    Dex: 14    Spells: 10/10 levels left

rFire   + . .        h - +5 mace "Vule" {freeze, *Noise Int+3 Dex+5}
rCold   . . .        r - +0 kite shield
rNeg    + + .        A - +2 chain mail {rF+}
rPois   ∞            (no helmet)
rElec   +            (no cloak)
rCorr   +            (no gloves)
SInv    .            (no boots)
Will    .....        i - amulet of regeneration Stlth
                     g - ring of positive energy
HPRegen 1.10/turn    y - ring of resist corrosion
MPRegen 0.14/turn

%: no passive effects
@: studying Long Blades
A: reduced essence, sickness immunity, AC +8, negative energy resistance 1,
electricity resistance, torment resistance 1, petrification resistance
a: Renounce Religion, Recall Ancestor, Ancestor Identity


You were on level 10 of the Dungeon.
You worshipped Hepliaklqana.
Hepliaklqana was pleased with you.
You visited 1 branch of the dungeon, and saw 10 of its levels.

You collected 639 gold pieces.

Inventory:

Hand Weapons
 h - the +5 mace "Vule" (weapon) {freeze, *Noise Int+3 Dex+5}
   (You found it on level 2 of the Dungeon)

   Int+3:     It affects your intelligence (+3).
   Dex+5:     It affects your dexterity (+5).
   *Noise:    It may make a loud noise when swung.
Armour
 r - a +0 kite shield (worn)
 A - a +2 chain mail of fire resistance (worn)
Jewellery
 g - a ring of positive energy (left hand)
 i - an amulet of regeneration (around neck)
 v - a +6 ring of dexterity
 y - a ring of resist corrosion (right hand)
Wands
 l - a wand of polymorph (14)
 t - a wand of digging (5)
 u - a wand of charming (4)
 x - a wand of roots (15)
 C - a wand of mindburst (5)
Scrolls
 f - 2 scrolls of enchant armour
 k - 2 scrolls of identify
 m - 3 scrolls of teleportation
 n - 2 scrolls of vulnerability
 o - a scroll of fog
 s - 2 scrolls of enchant weapon {unknown}
 z - a scroll of poison {unknown}
Potions
 a - a potion of cancellation
 b - a potion of enlightenment {unknown}
 c - 3 potions of curing
 d - a potion of might
 e - 2 potions of lignification {unknown}
 j - a potion of magic {unknown}
 p - a potion of heal wounds
 q - a potion of haste {unknown}
 w - a potion of invisibility
 B - a potion of mutation {unknown}


   Skills:
 - Level 10.0 Fighting
 + Level 10.3 Maces & Flails
 - Level 10.0 Armour
 + Level 7.0 Shields
 + Level 5.9 Invocations


You had 10 spell levels left.
You didn't know any spells.
Your spell library contained the following spells:

 Spells                   Type           Power      Damage    Failure   Level
 Apportation              Tloc           0%         N/A       95%         1
 Kiss of Death            Conj/Necr      0%         2d5       95%         1
 Magic Dart               Conj           0%         1d3       95%         1
 Blink                    Tloc           0%         N/A       99%         2
 Call Imp                 Summ           0%         N/A       99%         2
 Jinxbite                 Hex            0%         N/A       99%         2
 Stone Arrow              Conj/Erth      0%         3d7       100%        3
 Tukima's Dance           Hex            0%         N/A       100%        3
 Animate Armour           Summ/Erth      0%         N/A       100%        4
 Olgreb's Toxic Radiance  Alch           0%         N/A       100%        4
 Passage of Golubria      Tloc           0%         N/A       100%        4
 Summon Blazeheart Golem  Fire/Summ      0%         N/A       100%        4
 Alistair's Intoxication  Alch           0%         N/A       100%        5
 Yara's Violent Unravell  Hex/Alch       0%         3d3       100%        5
 Orb of Destruction       Conj           0%         9d5       100%        7
 Ozocubu's Refrigeration  Ice            0%         4d7       100%        7
 Spellforged Servitor     Conj/Summ      0%         N/A       100%        7
 Discord                  Hex            0%         N/A       100%        8
 Lehudib's Crystal Spear  Conj/Erth      0%         10d2      100%        8


Dungeon Overview and Level Annotations

Branches:
Dungeon (10/15)            Temple (0/1) D:6             Orc (0/2) D:10
   Lair: D:8-11

Altars:
Ashenzari
Hepliaklqana
Kikubaaqudgha
Sif Muna
Trog
Vehumet
Wu Jian

Annotations:
D:6 2 transporters


Innate Abilities, Weirdness & Mutations

Your life essence is reduced to manifest your ancestor. (-10% HP)
You are immune to sickness and miasma.
Your stone body is resilient. (AC +8)
You are immune to poison.
You resist negative energy. (rN+)
You are resistant to electric shocks. (rElec)
You are resistant to unholy torment.
You are immune to petrification.


Message History

You hit the ogre zombie.
The ogre zombie is lightly damaged.
A centaur warrior simulacrum comes into view.
Shokoladka casts a spell at the ogre zombie.
The puff of frost hits the ogre zombie.
The ogre zombie resists.
The ogre zombie hits you!
The orc zombie hits you but does no damage.
Shokoladka hits the ogre zombie with a +0 quarterstaff!!
You hit the ogre zombie.
The ogre zombie is severely damaged.
The orc zombie closely misses you. The ogre zombie hits you!
Shokoladka hits the ogre zombie with a +0 quarterstaff!!
The ogre zombie is destroyed!
Your Shields skill increases to level 7!
Unknown command.
You hit the centaur warrior simulacrum.
The centaur warrior simulacrum is lightly damaged.
The centaur warrior simulacrum hits you.
The centaur warrior simulacrum freezes you!
* * * LOW HITPOINT WARNING * * *
You block the centaur warrior simulacrum's attack.
You block the orc zombie's attack.
Unknown command.
You hit the centaur warrior simulacrum.
The centaur warrior simulacrum is moderately damaged.
You feel yourself speed up.
The centaur warrior simulacrum hits you but does no damage.
The centaur warrior simulacrum barely misses you.
The orc zombie hits you but does no damage.
The centaur warrior simulacrum closely misses you.
You block the centaur warrior simulacrum's attack.
You thump the centaur warrior simulacrum!
The centaur warrior simulacrum is severely damaged.
The centaur warrior simulacrum hits you but does no damage.
The centaur warrior simulacrum closely misses you.
You block the orc zombie's attack.
The centaur warrior simulacrum hits you.
* * * LOW HITPOINT WARNING * * *
The centaur warrior simulacrum freezes you!!
You die...

.# Z# .## #.#
..##.###.##
.>..cZZ...#
##..##.#..##
#.##R#.##
#..#§#@##..#
#.ZZZ.#.##
....##.##..#
.### #.#.#.#
....!#....$#
#####
#....#.#
....#
#..#.#.#
....#
##$##.##
....#
####.###...>#


You could see the friendly Shokoladka the battlemage, a centaur warrior
simulacrum (ally target) and 2 orc zombies.

Vanquished Creatures
  Erolcha (D:10)
  A two-headed ogre (D:8)
  Pikel (D:4)
  Joseph (D:9)
  A troll (D:9)
  Grinder (D:3)
  A vampire (D:9)
  A wraith (D:10)
  Eustachio (D:4)
  3 steam dragons
  Menkaure (D:4)
  2 water moccasins
  3 orc warriors
  3 black bears
  2 ogres
  A sky beast (D:7)
  3 centaurs
  A kobold brigand (D:7)
  4 phantoms
  A bullfrog (D:8)
  Blork the orc (D:4)
  A gnoll sergeant (D:9)
  A scorpion (D:8)
  6 wights
  A troll zombie (D:10)
  9 killer bees
  4 howler monkeys (D:7)
  5 hounds
  4 jellies
  3 orc priests
  2 bombardier beetles
  Crazy Yiuf (D:3)
  A gnoll bouda (D:6)
  A sleepcap (D:5)
  3 iguanas
  9 orc wizards
  Ijyb (D:5)
  2 ogre zombies (D:10)
  5 gnolls
  9 adders
  A shadow imp (D:7)
  2 ufetubi (D:7)
  6 dart slugs
  10 orcs
  5 ball pythons
  9 bats
  10 endoplasms
  6 giant cockroaches
  4 goblins
  6 hobgoblins
  4 jackals (D:5)
  6 quokkas
  5 frilled lizards
  2 gnoll zombies (D:10)
  14 kobolds
  2 orc skeletons (D:10)
  7 orc zombies (D:10)
  3 rats
204 creatures vanquished.

Vanquished Creatures (collateral kills)
  Jeremiah (D:9)
  A wyvern (D:8)
  2 steam dragons
  2 ice beasts
  An orc warrior (D:8)
  2 centaurs (D:9)
  A bullfrog (D:7)
  2 scorpions
  3 wights
  3 killer bees (D:8)
  2 howler monkeys (D:7)
  A jelly (D:7)
  A gnoll bouda (D:7)
  An orc priest (D:6)
  An iguana (D:8)
  3 orc wizards (D:8)
  3 ogre zombies (D:10)
  5 gnolls
  6 orcs
  A gnoll skeleton (D:10)
  2 kobolds (D:7)
  An orc zombie (D:10)
45 creatures vanquished.

Vanquished Creatures (others)
  Maurice (D:9)
  2 battlemagi
  3 ancestors
  An orc zombie (D:10)
7 creatures vanquished.

Grand Total: 256 creatures vanquished

Notes
Turn   | Place    | Note
-------+----------+-------------------------------------------
     0 | D:1      | Doomgape the Gargoyle Fighter began the quest for the Orb.
     0 | D:1      | Reached XP level 1. HP: 14/14 MP: 1/1
    28 | D:1      | Reached XP level 2. HP: 16/19 MP: 2/2
   310 | D:1      | Reached XP level 3. HP: 24/24 MP: 3/3
   672 | D:1      | Found a faded altar of an unknown god.
  1017 | D:2      | Reached XP level 4. HP: 29/29 MP: 4/4
  1134 | D:2      | Identified the +5 mace "Vule" {freeze, *Noise Int+3 Dex+5}
  1844 | D:3      | Noticed Grinder
  1853 | D:3      | Killed Grinder
  1854 | D:3      | Reached skill level 5 in Fighting
  1854 | D:3      | Reached skill level 5 in Armour
  1854 | D:3      | Reached XP level 5. HP: 35/35 MP: 5/5
  1854 | D:3      | Reached XP level 6. HP: 40/40 MP: 6/6
  2079 | D:3      | Found a runed translucent door.
  2080 | D:3      | Noticed Crazy Yiuf
  2092 | D:3      | Killed Crazy Yiuf
  2403 | D:4      | Noticed Pikel
  2421 | D:4      | Killed Pikel
  2422 | D:4      | Reached skill level 5 in Maces & Flails
  2422 | D:4      | Reached XP level 7. HP: 22/47 MP: 7/7
  2422 | D:4      | Reached XP level 8. HP: 24/52 MP: 8/8
  2495 | D:4      | Noticed Blork the orc
  2517 | D:4      | Killed Blork the orc
  2666 | D:4      | Noticed Menkaure
  2673 | D:4      | Killed Menkaure
  2811 | D:4      | Noticed Eustachio
  2882 | D:4      | Killed Eustachio
  2893 | D:4      | Found a hazy altar of Hepliaklqana.
  2932 | D:4      | Became a worshipper of Hepliaklqana the Forgotten
  3571 | D:5      | Entered Level 5 of the Dungeon
  3583 | D:5      | Reached XP level 9. HP: 43/59 MP: 9/9
  3701 | D:5      | Noticed Ijyb
  3709 | D:5      | Killed Ijyb
  3778 | D:5      | Reached * piety under Hepliaklqana
  4230 | D:6      | Found a transporter.
  4231 | D:6      | Noticed a kobold demonologist
  4235 | D:6      | Noticed a kobold demonologist
  4262 | D:6      | Found a transporter.
  4651 | D:6      | Found a staircase to the Ecumenical Temple.
  4722 | D:6      | You fall into a shaft and drop 1 floor!
  4858 | D:7      | Reached ** piety under Hepliaklqana
  4908 | D:7      | Reached XP level 10. HP: 59/59 MP: 10/10
  5191 | D:7      | Remembered your ancestor Shokoladka as a battlemage
  5300 | D:7      | Reached skill level 10 in Fighting
  5600 | D:8      | Reached skill level 1 in Invocations
  5651 | D:8      | Reached skill level 10 in Armour
  5654 | D:8      | Identified the +7 spear of the Shore {heavy, rPois rC+}
  5669 | D:8      | Found a shimmering blue altar of Sif Muna.
  5680 | D:8      | Found an ancient bone altar of Kikubaaqudgha.
  5685 | D:8      | Found a radiant altar of Vehumet.
  5700 | D:8      | Got Vehumet's Tome of Concussion
  5727 | D:8      | Found a bloodstained altar of Trog.
  5996 | D:8      | Noticed a two-headed ogre
  6003 | D:8      | Killed a two-headed ogre
  6244 | D:8      | Found a broken altar of Ashenzari.
  6331 | D:8      | Reached skill level 5 in Shields
  6709 | D:9      | Reached XP level 11. HP: 63/64 MP: 14/14
  6765 | D:9      | Noticed Jeremiah
  6783 | D:9      | Killed Jeremiah
  6948 | D:9      | Noticed Joseph
  6969 | D:9      | Killed Joseph
  7030 | D:9      | Reached skill level 5 in Invocations
  7143 | D:9      | Noticed Maurice
  7150 | D:9      | Killed Maurice
  7151 | D:9      | Reached skill level 10 in Maces & Flails
  7244 | D:10     | Entered Level 10 of the Dungeon
  7253 | D:10     | Found an ornate altar of the Wu Jian Council.
  7253 | D:10     | Noticed Erolcha
  7260 | D:10     | Killed Erolcha
  7366 | D:10     | Found a staircase to the Orcish Mines.
  7439 | D:10     | Mangled by a centaur warrior simulacrum

Illustrated notes

Levels and vault maps discovered:
D:1:      erik_arrival_orb_chamber, layout_basic, ebering_ecumenical_altar_hall,
          minmay_hedge_maze
D:2:      layout_basic
D:3:      layout_rooms, minmay_misc_feat_nine_boxes, lightli_corner_chamber,
          uniq_grinder, uniq_crazy_yiuf_cottage
D:4:      layout_basic, nicolae_hepliaklqana_hazy_memory, serial_bayou,
          serial_bayou_lake_a, serial_bayou_lagoon_b, serial_bayou_pond_b,
          serial_bayou_lagoon_a, uniq_blork_the_orc, uniq_eustachio,
          uniq_menkaure, uniq_pikel
D:5:      layout_rooms, grunt_ministairs_10, uniq_ijyb
D:6:      gammafunk_wand_slinger, layout_loops_ring, temple_statues
D:7:      layout_loops_cross
D:8:      layout_cave_pods, palyth_temple_overflow_mages, amcnicky_altar_gilded,
          trog_butcher_becter
D:9:      layout_roguey, uniq_maurice, uniq_jeremiah, uniq_joseph
D:10:     layout_roguey, lightli_temple_of_fire, nicolae_uskayaw_en_pointe,
          nicolae_wu_jian_wuxing_cycle, dpeg_lair_monsters, zombieorc1_lemuel,
          uniq_erolcha

Skill      XL: |  1  2  3  4  5  6  7  8  9 10 11 |
---------------+----------------------------------+-----
Fighting       | 4 5 6 7 9 10 | 10.0
Armour         | 4 5 6 7 9 10 | 10.0
Maces & Flails | 3 5 6 8 9 10 | 10.3
Invocations    | 4 5 |  5.9
Shields        | 5 7 |  7.0

Action                     |  1- 3 |  4- 6 |  7- 9 | 10-12 || total
---------------------------+-------+-------+-------+-------++-------
  Melee: Flail             |   158 |    13 |       |       ||   171
         Mace              |       |    77 |   267 |   268 ||   612
         Unarmed           |       |       |     4 |       ||     4
 Invoke: Ancestor Identity |       |       |     1 |       ||     1
         Ancestor Life: Ba |       |       |       |     1 ||     1
  Evoke: Wand              |       |       |       |     2 ||     2
    Use: Scroll            |     4 |     8 |     2 |     2 ||    16
         Potion            |       |     2 |       |     1 ||     3
   Stab: Invisible         |       |       |     2 |       ||     2
         Distracted        |       |       |     1 |     2 ||     3
 Armour: Scale mail        |    66 |    65 |   159 |       ||   290
         Plate armour      |       |       |    67 |   224 ||   291
         Chain mail        |       |       |       |   132 ||   132
  Dodge: Dodged            |    41 |    38 |   100 |    98 ||   277
  Block: Buckler           |    18 |    33 |    47 |       ||    98
         Tower shield      |       |       |    27 |       ||    27
         Kite shield       |       |       |    55 |   186 ||   241
